 Dungeon Crawl Stone Soup version 0.29.1-12-g30fa7ad0bf (webtiles) character file.

Game seed: 15259373073564556063

8552 xzight the Blocker (level 11, -11/89 HPs)
             Began as a Gnoll Fighter on Dec 29, 2022.
             Was an Elder of Cheibriados.
             Killed from afar by an acid dragon (20 damage)
             ... with a splash of acid
             ... on level 9 of the Dungeon.
             The game lasted 00:46:00 (14226 turns).

xzight the Blocker (Gnoll Fighter)                 Turns: 14226, Time: 00:46:01

Health: -11/89     AC: 15    Str: 25    XL:     11   Next: 32%
Magic:  20/20      EV: 13    Int: 24    God:    Cheibriados [****..]
Gold:   347        SH: 12    Dex: 20    Spells: 22/22 levels left

rFire   . . .      SeeInvis .   b - +6 long sword "Gupov" {freeze, +Blink Int+3 Stlth+}
rCold   + . .      Faith    .   B - +0 kite shield
rNeg    . . .      Spirit   .   J - +2 scale mail {rC+}
rPois   .          Reflect  .   t - +0 helmet
rElec   .          Harm     .   (no cloak)
rCorr   .          Rampage  .   l - +2 pair of gloves
Will    +....                   (no boots)
Stlth   +++.......              q - amulet of the acrobat
HPRegen 0.24/turn               W - ring of willpower
MPRegen 0.17/turn               (no ring)

@: very slow
A: fangs 1, strong nose, distributed training
a: Renounce Religion, Evoke Blink, Bend Time, Temporal Distortion, Slouch


You were on level 9 of the Dungeon.
You worshipped Cheibriados.
Cheibriados was greatly pleased with you.
You visited 2 branches of the dungeon, and saw 12 of its levels.
You also visited: Sewer.

You collected 542 gold pieces.
You spent 195 gold pieces at shops.


Innate Abilities, Weirdness & Mutations

You have very sharp teeth.
Your uncanny sense of smell can sniff out nearby items.
Your experience applies equally to all skills.


   Skills:
 + Level 9.3 Fighting
 + Level 6.4 Short Blades
 + Level 6.4 Long Blades
 + Level 6.4 Axes
 + Level 6.4 Maces & Flails
 + Level 8.0 Polearms
 + Level 6.4 Staves
 + Level 6.4 Ranged Weapons
 + Level 6.4 Throwing
 + Level 9.3 Armour
 + Level 6.4 Dodging
 + Level 6.4 Stealth
 + Level 9.3 Shields
 + Level 6.4 Unarmed Combat
 + Level 6.4 Spellcasting
 + Level 5.3 Conjurations
 + Level 5.3 Hexes
 + Level 5.3 Summonings
 + Level 5.3 Necromancy
 + Level 5.3 Translocations
 + Level 5.3 Transmutations
 + Level 5.3 Fire Magic
 + Level 5.3 Ice Magic
 + Level 5.3 Air Magic
 + Level 5.3 Earth Magic
 + Level 5.3 Poison Magic
 + Level 7.0 Invocations
 + Level 6.4 Evocations


You had 22 spell levels left.
You didn't know any spells.
Your spell library contained the following spells:

 Spells                   Type           Power      Damage    Failure   Level
 Slow                     Hex            100%       N/A       4%          1
 Sting                    Tmut/Pois      100%       1d8       4%          1
 Ensorcelled Hibernation  Hex/Ice        66%        N/A       6%          2
 Passwall                 Tmut/Erth      27%        N/A       6%          2
 Poisonous Vapours        Pois/Air       66%        N/A       6%          2
 Scorch                   Fire           66%        2d8       6%          2
 Confusing Touch          Hex            33%        N/A       12%         3
 Dazzling Flash           Conj/Hex       66%        N/A       12%         3
 Gell's Gravitas          Tloc           33%        N/A       12%         3
 Lesser Beckoning         Tloc           33%        N/A       12%         3
 Spider Form              Tmut/Pois      33%        N/A       12%         3
 Swiftness                Air            33%        N/A       12%         3
 Teleport Other           Tloc           33%        N/A       12%         3
 Vampiric Draining        Necr           33%        2d8       12%         3
 Anguish                  Hex/Necr       16%        N/A       38%         4
 Flame Wave               Conj/Fire      33%        2d10      38%         4
 Iskenderun's Mystic Bla  Conj/Tloc      33%        2d8       38%         4
 Olgreb's Toxic Radiance  Pois           33%        N/A       38%         4
 Summon Lightning Spire   Summ/Air       33%        N/A       38%         4
 Starburst                Conj/Fire      16%        6d6       99%         6
 Summon Cactus Giant      Summ           16%        N/A       99%         6
 Storm Form               Tmut/Air       16%        N/A       100%        7
 Maxwell's Capacitive Co  Air            16%        ∞         100%        8

Inventory:

Hand Weapons
 a - a +0 trident
 b - the +6 long sword "Gupov" (weapon) {freeze, +Blink Int+3 Stlth+}
   (You found it on level 11 of the Dungeon)

   It freezes those it strikes, dealing additional cold damage.
   It can also slow down cold-blooded creatures.
   Int:       It affects your intelligence (+3).
   +Blink:    It lets you blink.
   Stlth:     It makes you more stealthy.
 k - a +3 spear of freezing
Missiles
 f - a throwing net {=f}
 y - 6 boomerangs (quivered)
Armour
 l - a +2 pair of gloves (worn)
 t - a +0 helmet (worn)
 B - a +0 kite shield (worn)
 J - a +2 scale mail of cold resistance (worn)
Jewellery
 q - an amulet of the acrobat (around neck)
 C - a ring of protection from cold
 W - a ring of willpower (left hand)
Wands
 c - a wand of iceblast (1)
 E - a wand of polymorph (8)
 I - a wand of light (5)
Scrolls
 e - a scroll of vulnerability
 i - a scroll of immolation {unknown}
 j - a scroll of amnesia {unknown}
 s - a scroll of teleportation {@r2}
 w - a scroll of butterflies
 x - 2 scrolls of poison
 z - a scroll of noise {unknown}
 D - a scroll of enchant weapon
 H - 2 scrolls of enchant armour {unknown}
Potions
 d - 2 potions of heal wounds {@q2}
 h - a potion of berserk rage {unknown}
 m - a potion of ambrosia {unknown}
 n - a potion of brilliance {unknown}
 o - a potion of invisibility
 r - 3 potions of flight
 v - 2 potions of mutation {unknown}
 A - 2 potions of magic
 F - 4 potions of attraction
 G - a potion of degeneration {unknown}

Dungeon Overview and Level Annotations

Branches:
Dungeon (11/15)            Temple (1/1) D:6             Orc (0/2) D:10
  Sewer (visited)
   Lair: D:8-11

Altars:
Cheibriados
Dithmenos
Elyvilon
Fedhas
Qazlal
Ru
Sif Muna
Uskayaw
Zin

Shops:
D:3 (   D:8 *

Portals:
Abyss: D:5

Annotations:
D:2 Sigmund
D:4 1 runed translucent door, Crazy Yiuf
D:5 2 transporters, exclusion: 2 upstairs, Edmund; SirLogeyBear's ghost, novice HOBe
D:7 exclusion: ugly thing
D:10 exclusion: kobold demonologist

...##..# #....).##...##og#
#.# ...# #......##...##..#
#.# ...# #...<))##...##gg#
#.# ...#
###......##...##..# #.#
≈~~... ......)...##.÷)[.).#
#.#
≈≈~~.........#.......####.#
#.# ≈≈≈~~~..~SS..#.......#
#.# #.#
≈≈≈≈~~.o≈~...#.)D###.# #.#
#.# ≈≈≈~~.~≈≈S.. #..@# #.#
#.# #.# S~~~.~≈≈≈≈~. #...#
#.# #.###.# ~~~~ #..)# #.#
#.....# #...# #.# #.....#
#...# .# #..##.# #...# #..
#.# #...# #$ #.# ....# #
#.# #.#


You could see an acid dragon (catching breath).


Message History

The acid dragon is heavily wounded.
You block the acid dragon's attack. x2
You slash the acid dragon! You freeze the acid dragon.
You kill the acid dragon!
Cheibriados appreciates the change of pace.
You completely miss the acid dragon. You block the acid dragon's attack.
The acid dragon barely misses you.
You slash the acid dragon! You freeze the acid dragon.
The acid dragon is heavily wounded.
The acid dragon spits acid at you.
The splash of acid hits you but does no damage.
The acid dragon misses you.
The acid dragon claws you but does no damage.
You hit the acid dragon but do no damage.
You bite the acid dragon, but do no damage.
The acid dragon is moderately wounded.
The acid dragon closely misses you.
The acid dragon claws you but does no damage.
You closely miss the acid dragon. Your bite misses the acid dragon.
The acid dragon is moderately wounded.
The acid dragon spits acid at you. You block the splash of acid.
You completely miss the acid dragon. Your bite misses the acid dragon.
The acid dragon is moderately wounded.
The acid dragon closely misses you. You block the acid dragon's attack.
You barely miss the acid dragon.
The acid dragon is moderately wounded.
The acid dragon spits acid at you. The splash of acid hits you!!
You die...

Skill      XL: |  1  2  3  4  5  6  7  8  9 10 11 |
---------------+----------------------------------+-----
Short Blades   | 1 2 3 5 6 |  6.4
Long Blades    | 1 2 3 5 6 |  6.4
Axes           | 1 2 3 5 6 |  6.4
Maces & Flails | 1 2 3 5 6 |  6.4
Staves         | 1 2 3 5 6 |  6.4
Ranged Weapons | 1 2 3 5 6 |  6.4
Throwing       | 1 2 3 5 6 |  6.4
Dodging        | 1 2 3 5 6 |  6.4
Stealth        | 1 2 3 5 6 |  6.4
Unarmed Combat | 1 2 3 5 6 |  6.4
Spellcasting   | 1 2 3 5 6 |  6.4
Invocations    | 1 2 3 4 5 6 7 |  7.0
Evocations     | 1 2 3 5 6 |  6.4
Conjurations   | 1 2 3 4 5 |  5.3
Hexes          | 1 2 3 4 5 |  5.3
Summonings     | 1 2 3 4 5 |  5.3
Necromancy     | 1 2 3 4 5 |  5.3
Translocations | 1 2 3 4 5 |  5.3
Transmutations | 1 2 3 4 5 |  5.3
Fire Magic     | 1 2 3 4 5 |  5.3
Ice Magic      | 1 2 3 4 5 |  5.3
Air Magic      | 1 2 3 4 5 |  5.3
Earth Magic    | 1 2 3 4 5 |  5.3
Poison Magic   | 1 2 3 4 5 |  5.3
Polearms       | 5 6 7 8 |  8.0
Fighting       | 7 8 9 |  9.3
Armour         | 7 8 9 |  9.3
Shields        | 7 8 9 |  9.3

Action                   |  1- 3 |  4- 6 |  7- 9 | 10-12 || total
-------------------------+-------+-------+-------+-------++-------
Melee: Trident           |    10 |       |       |       ||    10
       Spear             |    73 |   172 |   505 |    26 ||   776
       Bite              |     4 |    10 |    65 |    33 ||   112
       Long sword        |       |       |       |   269 ||   269
Throw: Boomerang         |       |     1 |     6 |       ||     7
Invok: Bend Time         |       |       |     1 |     1 ||     2
 Abil: Evoke Blink       |       |       |       |     1 ||     1
Evoke: Wand              |       |       |       |    11 ||    11
  Use: Potion            |       |     5 |     4 |    13 ||    22
       Scroll            |       |     2 |    13 |     7 ||    22
 Stab: Invisible         |       |     1 |       |       ||     1
       Distracted        |       |       |       |     1 ||     1
Armor: Scale mail        |    14 |    41 |   125 |   150 ||   330
       Skin              |       |       |     4 |    50 ||    54
Dodge: Dodged            |    22 |    40 |   123 |   158 ||   343
Block: Buckler           |     9 |    13 |       |       ||    22
       Kite shield       |       |    19 |   174 |   246 ||   439

Levels and vault maps discovered:
D:1:      scummos_arrival_simple_crosswalls, layout_basic,
          hellmonk_ecumenical_altar_arch_garden
D:2:      kb_forest_paths, layout_basic, amethyst_killhole, uniq_robin,
          uniq_terence, uniq_natasha, uniq_sigmund
D:3:      layout_loops_cross, portal_sewer_entry_f, serial_shops,
          nicolae_shop_hallway_plus, uniq_ijyb, uniq_grinder
D:4:      layout_loops_ring, uniq_crazy_yiuf_cottage
D:5:      layout_layer_cave, gammafunk_ghost_abyssal_escape, hex_medium,
          grunt_decor_one_mirror, hangedman_abyss_or_decor_passed,
          serial_bayou_pond_c, uniq_edmund
D:6:      layout_loops_cross, minmay_temple_entry_waves
D:7:      layout_loops_cross
D:8:      layout_basic, serial_shops, shop_statue
D:9:      layout_long_grid, nicolae_overflow_hidden_temple, erik_lair_island
D:10:     layout_irregular_city, david_orc_1_choice, st_stairs_14,
          minmay_splitting_lines
D:11:     layout_grid_maze, minmay_pinched_square
Temple:   nicolae_temple_bog_church

Notes
Turn   | Place    | Note
-------+----------+-------------------------------------------
     0 | D:1      | xzight the Gnoll Fighter began the quest for the Orb.
     0 | D:1      | Reached XP level 1. HP: 23/23 MP: 1/1
   133 | D:1      | Reached XP level 2. HP: 29/29 MP: 2/2
   394 | D:1      | Found a faded altar of an unknown god.
   772 | D:2      | Reached XP level 3. HP: 35/35 MP: 3/3
   791 | D:2      | Noticed Sigmund
   902 | D:2      | Noticed Natasha
   924 | D:2      | Killed Natasha
   925 | D:2      | Reached skill level 1 in Short Blades
   925 | D:2      | Reached skill level 1 in Long Blades
   925 | D:2      | Reached skill level 1 in Axes
   925 | D:2      | Reached skill level 1 in Maces & Flails
   925 | D:2      | Reached skill level 1 in Staves
   925 | D:2      | Reached skill level 1 in Ranged Weapons
   925 | D:2      | Reached skill level 1 in Throwing
   925 | D:2      | Reached skill level 1 in Dodging
   925 | D:2      | Reached skill level 1 in Stealth
   925 | D:2      | Reached skill level 1 in Unarmed Combat
   925 | D:2      | Reached skill level 1 in Spellcasting
   925 | D:2      | Reached skill level 1 in Invocations
   925 | D:2      | Reached skill level 1 in Evocations
  1094 | D:2      | Noticed Robin
  1110 | D:2      | Killed Robin
  1111 | D:2      | Reached XP level 4. HP: 35/41 MP: 5/5
  1228 | D:2      | Reached skill level 1 in Conjurations
  1228 | D:2      | Reached skill level 1 in Hexes
  1228 | D:2      | Reached skill level 1 in Summonings
  1228 | D:2      | Reached skill level 1 in Necromancy
  1228 | D:2      | Reached skill level 1 in Translocations
  1228 | D:2      | Reached skill level 1 in Transmutations
  1228 | D:2      | Reached skill level 1 in Fire Magic
  1228 | D:2      | Reached skill level 1 in Ice Magic
  1228 | D:2      | Reached skill level 1 in Air Magic
  1228 | D:2      | Reached skill level 1 in Earth Magic
  1228 | D:2      | Reached skill level 1 in Poison Magic
  1277 | D:2      | Noticed Terence
  1295 | D:2      | Killed Terence
  1443 | D:2      | Reached XP level 5. HP: 47/47 MP: 7/7
  1841 | D:2      | Noticed Natasha
  1853 | D:2      | Killed Natasha
  2056 | D:2      | Noticed Natasha
  2139 | D:2      | Killed Natasha
  2223 | D:3      | Found a glowing drain.
  2261 | Sewer    | Entered a sewer
  2407 | Sewer    | Noticed a kobold brigand
  2407 | Sewer    | Noticed a kobold brigand
  2752 | D:3      | Noticed Ijyb
  2783 | D:3      | Killed Ijyb
  2784 | D:3      | Reached skill level 2 in Invocations
  2930 | D:3      | Found Remerem's Weapon Boutique.
  2951 | D:3      | Reached XP level 6. HP: 53/53 MP: 8/8
  2955 | D:3      | Noticed Grinder
  2955 | D:3      | Paralysed by Grinder for 3 turns
  2982 | D:3      | Killed Grinder
  2983 | D:3      | Reached skill level 2 in Short Blades
  2983 | D:3      | Reached skill level 2 in Long Blades
  2983 | D:3      | Reached skill level 2 in Axes
  2983 | D:3      | Reached skill level 2 in Maces & Flails
  2983 | D:3      | Reached skill level 5 in Polearms
  2983 | D:3      | Reached skill level 2 in Staves
  2983 | D:3      | Reached skill level 2 in Ranged Weapons
  2983 | D:3      | Reached skill level 2 in Throwing
  2983 | D:3      | Reached skill level 2 in Dodging
  2983 | D:3      | Reached skill level 2 in Stealth
  2983 | D:3      | Reached skill level 2 in Unarmed Combat
  2983 | D:3      | Reached skill level 2 in Spellcasting
  2983 | D:3      | Reached skill level 2 in Evocations
  3612 | D:4      | Reached skill level 7 in Fighting
  3612 | D:4      | Reached skill level 7 in Armour
  3612 | D:4      | Reached skill level 7 in Shields
  3612 | D:4      | Reached XP level 7. HP: 50/60 MP: 10/10
  3782 | D:4      | Reached skill level 2 in Conjurations
  3782 | D:4      | Reached skill level 2 in Hexes
  3782 | D:4      | Reached skill level 2 in Summonings
  3782 | D:4      | Reached skill level 2 in Necromancy
  3782 | D:4      | Reached skill level 2 in Translocations
  3782 | D:4      | Reached skill level 2 in Transmutations
  3782 | D:4      | Reached skill level 2 in Fire Magic
  3782 | D:4      | Reached skill level 2 in Ice Magic
  3782 | D:4      | Reached skill level 2 in Air Magic
  3782 | D:4      | Reached skill level 2 in Earth Magic
  3782 | D:4      | Reached skill level 2 in Poison Magic
  4172 | D:4      | Reached skill level 3 in Invocations
  4526 | D:4      | Found a runed translucent door.
  4527 | D:4      | Noticed Crazy Yiuf
  4872 | D:5      | Entered Level 5 of the Dungeon
  4936 | D:5      | Found a transporter.
  4959 | D:5      | Reached skill level 3 in Short Blades
  4959 | D:5      | Reached skill level 3 in Long Blades
  4959 | D:5      | Reached skill level 3 in Axes
  4959 | D:5      | Reached skill level 3 in Maces & Flails
  4959 | D:5      | Reached skill level 3 in Staves
  4959 | D:5      | Reached skill level 3 in Ranged Weapons
  4959 | D:5      | Reached skill level 3 in Throwing
  4959 | D:5      | Reached skill level 3 in Dodging
  4959 | D:5      | Reached skill level 3 in Stealth
  4959 | D:5      | Reached skill level 3 in Unarmed Combat
  4959 | D:5      | Reached skill level 3 in Spellcasting
  4959 | D:5      | Reached skill level 3 in Evocations
  4959 | D:5      | Reached XP level 8. HP: 67/67 MP: 12/12
  5202 | D:5      | Noticed Edmund
  5811 | D:5      | Found a transporter.
  6170 | D:5      | Found a one-way gate to the infinite horrors of the Abyss.
  6170 | D:5      | Noticed SirLogeyBear's ghost (novice HOBe)
  6640 | D:6      | Found a staircase to the Ecumenical Temple.
  6680 | Temple   | Entered the Ecumenical Temple
  6686 | Temple   | Became a worshipper of Cheibriados the Contemplative
  7071 | D:6      | Reached skill level 3 in Conjurations
  7071 | D:6      | Reached skill level 3 in Hexes
  7071 | D:6      | Reached skill level 3 in Summonings
  7071 | D:6      | Reached skill level 3 in Necromancy
  7071 | D:6      | Reached skill level 3 in Translocations
  7071 | D:6      | Reached skill level 3 in Transmutations
  7071 | D:6      | Reached skill level 3 in Fire Magic
  7071 | D:6      | Reached skill level 3 in Ice Magic
  7071 | D:6      | Reached skill level 3 in Air Magic
  7071 | D:6      | Reached skill level 3 in Earth Magic
  7071 | D:6      | Reached skill level 3 in Poison Magic
  7071 | D:6      | Reached skill level 4 in Invocations
  7267 | D:6      | Reached skill level 6 in Polearms
  7769 | D:7      | Reached XP level 9. HP: 49/73 MP: 14/14
  7899 | D:7      | Noticed a cyan ugly thing
  7973 | D:7      | Reached skill level 4 in Short Blades
  7973 | D:7      | Reached skill level 4 in Long Blades
  7973 | D:7      | Reached skill level 4 in Axes
  7973 | D:7      | Reached skill level 4 in Maces & Flails
  7973 | D:7      | Reached skill level 4 in Staves
  7973 | D:7      | Reached skill level 4 in Ranged Weapons
  7973 | D:7      | Reached skill level 4 in Throwing
  7973 | D:7      | Reached skill level 4 in Dodging
  7973 | D:7      | Reached skill level 4 in Stealth
  7973 | D:7      | Reached skill level 4 in Unarmed Combat
  7973 | D:7      | Reached skill level 4 in Spellcasting
  7973 | D:7      | Reached skill level 4 in Evocations
  8954 | D:7      | Reached * piety under Cheibriados
  9294 | D:7      | Reached skill level 8 in Fighting
  9294 | D:7      | Reached skill level 8 in Armour
  9294 | D:7      | Reached skill level 8 in Shields
  9583 | D:7      | Killed a cyan ugly thing
  9584 | D:7      | Reached skill level 5 in Invocations
  9736 | D:7      | HP: 4/74 [orc priest/divine providence (8)]
 10298 | D:8      | Reached skill level 4 in Conjurations
 10298 | D:8      | Reached skill level 4 in Hexes
 10298 | D:8      | Reached skill level 4 in Summonings
 10298 | D:8      | Reached skill level 4 in Necromancy
 10298 | D:8      | Reached skill level 4 in Translocations
 10298 | D:8      | Reached skill level 4 in Transmutations
 10298 | D:8      | Reached skill level 4 in Fire Magic
 10298 | D:8      | Reached skill level 4 in Ice Magic
 10298 | D:8      | Reached skill level 4 in Air Magic
 10298 | D:8      | Reached skill level 4 in Earth Magic
 10298 | D:8      | Reached skill level 4 in Poison Magic
 10494 | D:8      | Reached skill level 5 in Short Blades
 10494 | D:8      | Reached skill level 5 in Long Blades
 10494 | D:8      | Reached skill level 5 in Axes
 10494 | D:8      | Reached skill level 5 in Maces & Flails
 10494 | D:8      | Reached skill level 5 in Staves
 10494 | D:8      | Reached skill level 5 in Ranged Weapons
 10494 | D:8      | Reached skill level 5 in Throwing
 10494 | D:8      | Reached skill level 5 in Dodging
 10494 | D:8      | Reached skill level 5 in Stealth
 10494 | D:8      | Reached skill level 5 in Unarmed Combat
 10494 | D:8      | Reached skill level 5 in Spellcasting
 10494 | D:8      | Reached skill level 5 in Evocations
 10494 | D:8      | Reached XP level 10. HP: 71/81 MP: 17/17
 10555 | D:8      | You fall into a shaft and drop 3 floors!
 10775 | D:11     | Noticed a manticore
 10812 | D:11     | Killed a manticore
 10813 | D:11     | Reached skill level 7 in Polearms
 11014 | D:11     | Identified the +6 long sword "Gupov" {freeze, +Blink Int+3
                  | Stlth+}
 11122 | D:10     | Entered Level 10 of the Dungeon
 11367 | D:10     | Noticed a gargoyle
 11372 | D:10     | Killed a gargoyle
 11372 | D:10     | Reached ** piety under Cheibriados
 11427 | D:10     | Reached skill level 6 in Invocations
 11688 | D:10     | Found a staircase to the Orcish Mines.
 12217 | D:10     | Noticed a kobold demonologist
 12226 | D:10     | Noticed a kobold demonologist
 12231 | D:10     | Noticed a soul eater
 12233 | D:10     | Killed a kobold demonologist
 12239 | D:10     | Noticed a smoke demon
 12245 | D:10     | Killed a kobold demonologist
 12876 | D:9      | Reached skill level 9 in Fighting
 12876 | D:9      | Reached skill level 9 in Armour
 12876 | D:9      | Reached skill level 9 in Shields
 12942 | D:9      | Reached skill level 6 in Short Blades
 12942 | D:9      | Reached skill level 6 in Long Blades
 12942 | D:9      | Reached skill level 6 in Axes
 12942 | D:9      | Reached skill level 6 in Maces & Flails
 12942 | D:9      | Reached skill level 6 in Staves
 12942 | D:9      | Reached skill level 6 in Ranged Weapons
 12942 | D:9      | Reached skill level 6 in Throwing
 12942 | D:9      | Reached skill level 6 in Dodging
 12942 | D:9      | Reached skill level 6 in Stealth
 12942 | D:9      | Reached skill level 6 in Unarmed Combat
 12942 | D:9      | Reached skill level 6 in Spellcasting
 12942 | D:9      | Reached skill level 6 in Evocations
 13014 | D:9      | Found a hide-covered altar of Uskayaw.
 13014 | D:9      | Found a shimmering blue altar of Sif Muna.
 13030 | D:9      | Found a glowing silver altar of Zin.
 13146 | D:8      | Reached skill level 5 in Conjurations
 13146 | D:8      | Reached skill level 5 in Hexes
 13146 | D:8      | Reached skill level 5 in Summonings
 13146 | D:8      | Reached skill level 5 in Necromancy
 13146 | D:8      | Reached skill level 5 in Translocations
 13146 | D:8      | Reached skill level 5 in Transmutations
 13146 | D:8      | Reached skill level 5 in Fire Magic
 13146 | D:8      | Reached skill level 5 in Ice Magic
 13146 | D:8      | Reached skill level 5 in Air Magic
 13146 | D:8      | Reached skill level 5 in Earth Magic
 13146 | D:8      | Reached skill level 5 in Poison Magic
 13146 | D:8      | Reached XP level 11. HP: 71/89 MP: 20/20
 13280 | D:8      | Reached *** piety under Cheibriados
 13595 | D:8      | Found Kery's General Store.
 13613 | D:8      | Bought a scroll of poison for 52 gold pieces
 13613 | D:8      | Bought a potion of cancellation for 104 gold pieces
 13613 | D:8      | Bought a potion of attraction for 39 gold pieces
 13798 | D:9      | Noticed a two-headed ogre
 13822 | D:9      | Killed a two-headed ogre
 13842 | D:9      | HP: 2/89 [troll (11)]
 13852 | D:9      | HP: 7/89 [troll (10)]
 13852 | D:9      | HP: 1/89 [gnoll sergeant/+4 spear of venom (3)]
 14198 | D:9      | Reached skill level 7 in Invocations
 14200 | D:9      | HP: 2/89 [electric eel/bolt of electricity (11)]
 14201 | D:9      | Reached **** piety under Cheibriados
 14216 | D:9      | HP: 7/89 [orc warrior/+0 short sword (6)]
 14218 | D:9      | Reached skill level 8 in Polearms
 14226 | D:9      | Killed from afar by an acid dragon

Vanquished Creatures
  A two-headed ogre (D:9)
  A manticore (D:11)
  An ugly thing (D:7)
  A gargoyle (D:10)
  2 kobold demonologists (D:10)
  3 trolls
  Grinder (D:3)
  A wyvern (D:9)
  4 steam dragons
  2 wargs (D:10)
  2 water moccasins
  An acid dragon (D:9)
  3 ice beasts
  8 orc warriors
  2 black bears
  A wolf (D:9)
  A centaur (D:7)
  3 ogres
  3 phantoms
  5 kobold brigands
  3 necrophages
  2 gnoll sergeants
  12 wights
  A killer bee (D:10)
  5 howler monkeys
  A gnoll bouda (D:7)
  7 orc priests
  10 hounds
  Ijyb (D:3)
  Terence (D:2)
  Natasha (thrice) (D:2)
  Robin (D:2)
  12 gnolls
  5 adders
  3 white imps
  An ufetubus (D:6)
  A dart slug (D:2)
  35 orcs
  6 endoplasms
  5 giant cockroaches
  11 goblins
  13 hobgoblins
  14 kobolds
  5 quokkas
  10 ball pythons
  3 bats
  4 frilled lizards
  11 rats
232 creatures vanquished.

Vanquished Creatures (others)
  An orc wizard (D:4)
  A gnoll (D:9)
  An orc (D:9)
  15 plants
18 creatures vanquished.

Grand Total: 250 creatures vanquished

Table legend: (Time is in decaauts)
 A = Elapsed time spent in this place.
 B = Non-inter-level travel time spent in this place.
 C = Inter-level travel time spent in this place.
 D = Time resting spent in this place.
 E = Time spent auto-exploring this place.
 F = Levels seen in this place.
 G = Mean time per level.
                   A        B        C        D        E       F      G
               +--------+--------+--------+--------+--------+-----+--------+
         Total |  15560 |  14717 |    843 |   4948 |   6061 |  13 | 1196.9 |
       Dungeon |  15353 |  14517 |    836 |   4948 |   5956 |  11 | 1395.7 |
        Temple |     14 |      7 |      7 |      0 |      0 |   1 |   14.0 |
         Sewer |    192 |    192 |      0 |      0 |    105 |   1 |  192.0 |
               +--------+--------+--------+--------+--------+-----+--------+

Top non-repeatable levels by time:
     D:7: 2701 daAuts
     D:6: 1738 daAuts
     D:4: 1688 daAuts
    D:10: 1616 daAuts
     D:8: 1501 daAuts
     D:2: 1406 daAuts
     D:3: 1148 daAuts
     D:5: 1035 daAuts
    D:11: 901 daAuts
     D:1: 808 daAuts
     D:9: 805 daAuts
   Sewer: 192 daAuts
  Temple: 14 daAuts

Table legend:
 A = Non-vault XP
 B = Vault XP
 C = Vault XP percentage of total XP
 D = Non-vault monster count
 E = Vault monster count
 F = Vault count percentage of total count
                 A         B        C        D         E       F
            +---------+---------+-------+---------+---------+-------
      Total |    9871 |    2347 |  19.2 |     177 |      56 |  24.0
            +---------+---------+-------+---------+---------+-------
        D:1 |      29 |       0 |   0.0 |      18 |       0 |   0.0
        D:2 |      89 |     129 |  59.2 |      13 |      20 |  60.6
        D:3 |      34 |     313 |  90.2 |      14 |       6 |  30.0
        D:4 |     527 |       0 |   0.0 |      19 |       0 |   0.0
        D:5 |     416 |       0 |   0.0 |      10 |       0 |   0.0
        D:6 |     744 |       0 |   0.0 |      17 |       0 |   0.0
        D:7 |    1898 |       0 |   0.0 |      26 |       0 |   0.0
        D:8 |    1124 |       0 |   0.0 |      19 |       0 |   0.0
        D:9 |    2307 |     734 |  24.1 |      19 |       9 |  32.1
       D:10 |    1824 |    1159 |  38.9 |      17 |      11 |  39.3
       D:11 |     879 |       0 |   0.0 |       5 |       0 |   0.0
      Sewer |       0 |      12 | 100.0 |       0 |      10 | 100.0
            +---------+---------+-------+---------+---------+-------
